Map: Deathaura LE

Players

ZapBranigan

  • Race: Protoss Protoss
  • League: Master
  • Spawn Location: 11:00

A.I. 1 (Very Hard) - Winner!

  • Race: Zerg Zerg
  • Spawn Location: 5:00

VOD

Have the link to the VOD?

Description

Time

  • Played on: July 9, 2020, 2:59 p.m.
  • Length: 9:00
Show
View Real Time Build Order
Export as new Build Order

ZapBranigan Protoss 

Build Orders: 1 Gate Expand, Oracle Opening, Phoenix Opening, Carrier Rush 

Get SALT Encoding   

  12  0:00  Probe  
  13  0:13  Probe  
  14  0:18  Pylon  
  14  0:25  Probe  
  15  0:35  Probe  
  15  0:36  Gateway  
  16  0:43  Probe  
  16  0:48  Assimilator  
  17  0:53  Probe  
  18  1:05  Probe  
  19  1:17  Probe  
  20  1:26  Nexus  
  20  1:37  Cybernetics Core  
  20  1:40  Probe  
  20  1:46  Assimilator  
  21  1:51  Probe  
  21  1:52  Pylon  
  21  1:59  Probe  
  23  2:09  Probe  
  23  2:14  Stargate  
  24  2:19  Adept  
  26  2:25  Warp Gate  
  26  2:27  Probe  
  27  2:37  Probe x2  
  29  2:45  Probe x2  
  31  2:53  Probe  
  31  2:56  Stalker  
  31  2:57  Oracle  
  37  3:09  Assimilator  
  37  3:10  Probe  
  37  3:12  Assimilator  
  38  3:15  Probe  
  39  3:22  Probe  
  39  3:23  Pylon  
  40  3:27  Probe  
  40  3:29  Phoenix  
  41  3:34  Probe  
  41  3:39  Probe  
  45  3:46  Probe  
  46  3:50  Fleet Beacon  
  46  3:51  Probe  
  47  3:58  Probe  
  47  4:02  Stargate  
  48  4:08  Probe  
  46  4:10  Probe  
  47  4:17  Pylon  
  47  4:18  Zealot  
  47  4:20  Probe  
  47  4:23  Shield Battery, Probe  
  51  4:28  Carrier  
  51  4:29  Pylon  
  51  4:32  Probe, Carrier  
  64  5:05  Pylon  
  64  5:12  Nexus  
  64  5:22  Carrier  
  64  5:23  Carrier  
  76  5:46  Zealot  
  78  5:57  Shield Battery  
  78  5:59  Gateway  
  78  6:01  Gateway  
  78  6:02  Gateway  
  78  6:08  Robotics Facility  
  78  6:09  Twilight Council  
  78  6:24  Probe x2  
  80  6:30  Probe  
  80  6:31  Charge  
  81  6:36  Probe x2  
  83  6:42  Sentry, Probe  
  83  6:45  Immortal  
  86  6:48  Probe x2  
  86  6:49  Pylon  
  88  6:55  Templar Archives, Probe  
  93  7:04  Pylon  
  93  7:07  Probe x3, Assimilator  
  96  7:13  Assimilator  
  96  7:17  Stalker x2  
  96  7:19  Probe  
  96  7:22  Probe x2, Robotics Bay  
  103  7:25  Immortal  
  107  7:31  Probe  
  107  7:34  Probe  
  109  7:44  Gateway  
  109  7:46  Pylon  
  109  7:48  Pylon  
  109  7:49  Pylon  
  109  7:51  Pylon  
  109  8:04  Probe x3, High Templar  
  109  8:05  Pylon, High Templar  
  116  8:06  Zealot x2  
  116  8:07  Pylon  
  126  8:16  Probe x2  
Show
View Real Time Build Order
Export as new Build Order

A.I. 1 (Very Hard) Zerg - Winner!

Build Orders: Pool First 

Get SALT Encoding   

  12  0:00  Drone  
  13  0:12  Overlord  
  13  0:16  Drone  
  14  0:30  Drone x2  
  16  0:43  Spawning Pool  
  16  0:44  Drone  
  16  0:48  Drone  
  17  1:09  Hatchery  
  16  1:12  Drone  
  16  1:15  Extractor  
  16  1:18  Drone  
  17  1:22  Drone  
  18  1:28  Drone  
  19  1:38  Overlord  
  19  1:48  Queen  
  19  1:49  Drone  
  22  2:00  Zergling x2  
  23  2:10  Drone  
  24  2:21  Drone  
  25  2:24  Roach Warren, Queen  
  25  2:28  Drone  
  27  2:32  Extractor  
  27  2:34  Drone  
  27  2:41  Overlord  
  27  2:45  Drone  
  27  2:47  Drone  
  29  2:56  Queen  
  30  3:03  Spore Crawler  
  29  3:09  Spore Crawler, Drone  
  29  3:12  Drone  
  30  3:15  Drone  
  30  3:19  Drone  
  32  3:22  Drone  
  32  3:25  Drone  
  34  3:29  Zergling x2  
  34  3:31  Zergling x2  
  36  3:36  Roach  
  36  3:40  Roach  
  40  3:44  Roach  
  40  3:47  Roach  
  44  3:52  Overlord  
  44  4:04  Lair  
  44  4:06  Drone  
  44  4:11  Drone x2  
  44  4:12  Drone  
  44  4:15  Drone  
  48  4:18  Drone  
  48  4:23  Overlord  
  49  4:26  Drone  
  49  4:28  Drone  
  51  4:31  Drone  
  52  4:41  Zergling x2, Drone x3  
  52  4:42  Zergling x2  
  52  4:44  Zergling x2  
  58  4:48  Overlord  
  58  4:55  Roach  
  60  5:00  Overlord  
  60  5:04  Hydralisk Den, Drone  
  60  5:06  Roach, Drone x2  
  64  5:23  Overlord  
  64  5:25  Drone  
  64  5:26  Drone  
  64  5:28  Drone  
  67  5:30  Drone  
  67  5:31  Drone  
  67  5:33  Hydralisk x2, Drone  
  67  5:35  Hydralisk  
  76  5:37  Lurker Den  
  76  5:38  Drone  
  76  5:41  Roach, Drone  
  78  5:45  Overlord  
  78  5:48  Infestation Pit  
  78  5:49  Drone  
  78  5:53  Roach  
  80  6:03  Roach  
  82  6:04  Spire  
  82  6:06  Overlord  
  82  6:08  Drone  
  82  6:13  Extractor  
  82  6:14  Drone  
  82  6:16  Extractor  
  82  6:17  Drone  
  82  6:22  Evolution Chamber, Drone  
  82  6:25  Infestor  
  84  6:26  Evolution Chamber  
  84  6:27  Drone  
  84  6:35  Spine Crawler  
  84  6:36  Drone x3  
  84  6:38  Overlord, Drone x2  
  88  6:41  Drone  
  88  6:45  Infestor  
  91  6:52  Spine Crawler, Ravager  
  91  6:55  Roach  
  93  7:02  Overlord, Ravager  
  93  7:04  Roach  
  93  7:08  Hydralisk  
  93  7:13  Hydralisk  
  88  7:17  Hydralisk  
  88  7:18  Mutalisk  
  88  7:20  Zergling x2  
  84  7:24  Overseer  
  84  7:26  Roach  
  84  7:27  Zergling x2  
  84  7:28  Roach, Zergling x2  
  82  7:30  Roach  
  82  7:31  Zergling x2  
  82  7:33  Roach  
  82  7:34  Roach  
  79  7:40  Roach  
  79  7:44  Hydralisk  
  78  7:48  Zergling x4  
  78  7:49  Zergling x2, Hydralisk  
  74  7:58  Hydralisk  
  70  8:03  Roach  
  70  8:04  Queen  
  72  8:07  Hatchery, Roach  
  72  8:10  Drone  
  58  8:21  Roach, Drone  
  48  8:28  Zergling x2  
  39  8:38  Zergling x2  
  37  8:46  Overseer  
Tags
 
Add a new tag
Caveats
  • Supply blocks, unpowered buildings, or Contaminate may cause inaccurate times.
  • Supply counts are checked every 10 seconds.